 Dungeon Crawl Stone Soup version 0.19.4-9-g45fd643 (webtiles) character file.

285715 patrickswayze the Axe Maniac (level 19, -1/177 HPs)
             Began as a Minotaur Berserker on Feb 15, 2017.
             Was the Champion of Trog.
             Killed from afar by a starcursed mass (5 damage)
             ... with an accursed screaming
             ... on level 4 of the Abyss.
             The game lasted 01:24:09 (32057 turns).

patrickswayze the Axe Maniac (Minotaur Berserker)  Turns: 32057, Time: 01:24:10

Health: -1/177     AC: 28    Str: 22    XL:     19   Next: 81%
Magic:  18/18      EV: 23    Int:  4    God:    Trog [******]
Gold:   784        SH:  0    Dex: 18    Spells: 0 memorised, 18 levels left

rFire  + + .     SeeInvis .     a - +4 executioner's axe (vamp)
rCold  x . .     Gourm    .     o - +0 fire dragon scales
rNeg   . . .     Faith    .     (shield currently unavailable)
rPois  .         Spirit   .     Y - +2 hat
rElec  .         Reflect  .     E - +1 cloak
rCorr  .         Harm     .     l - +0 pair of gloves
MR     +++..                    H - +2 pair of boots
Stlth  ..........               s - amulet of regeneration
                                Z - +4 ring of slaying {mikee}
                                y - +5 ring of evasion

@: about to teleport, recuperating, mildly diseased
A: retaliatory headbutt, horns 2, icy blue scales 1, blink, subdued magic 1
a: Blink, Berserk, Trog's Hand, Brothers in Arms, Burn Spellbooks, Renounce
Religion
}: 2/15 runes: serpentine, barnacled


You were on level 4 of the Abyss.
You worshipped Trog.
Trog was exalted by your worship.
You were not hungry.

You visited 6 branches of the dungeon, and saw 33 of its levels.
You visited the Abyss 1 time.
You also visited: Ossuary.

You collected 2898 gold pieces.
You spent 2114 gold pieces at shops.


Innate Abilities, Weirdness & Mutations

You reflexively headbutt those who attack you in melee.
You have a pair of horns on your head.
You are partially covered in icy blue scales. (AC +2)
You can translocate small distances at will.
Your spells are a little easier to cast, but a little less powerful.


   Skills:
 - Level 17.5 Fighting
 O Level 27 Axes
 + Level 21.1 Armour
 - Level 11.0 Dodging


You had 18 spell levels left.
You didn't know any spells.

Inventory:

Hand Weapons
 a - a +4 vampiric executioner's axe (weapon)
 A - a +4 antimagic executioner's axe
Missiles
 C - 4 throwing nets
Armour
 l - a +0 pair of gloves (worn)
 o - +0 fire dragon scales (worn)
 E - a +1 cloak (worn)
 F - a +1 hat
 H - a +2 pair of boots (worn)
 Y - a +2 hat (worn)
Jewellery
 h - an uncursed ring of resist corrosion
 s - an amulet of regeneration (around neck)
 y - a +5 ring of evasion (left hand)
 T - a +4 ring of intelligence {unknown}
 X - an uncursed ring of poison resistance
 Z - a +4 ring of slaying (right hand) {mikee}
Wands
 m - a wand of teleportation (7/9)
 t - a wand of digging (9/24)
 P - a wand of teleportation (1/9)
 Q - a wand of digging (3/24)
 U - a wand of lightning (9/15)
Scrolls
 f - 10 scrolls of fog
 j - 6 scrolls of magic mapping
 k - 15 scrolls of remove curse
 q - 6 scrolls of recharging
 r - 2 scrolls of enchant armour
 v - 4 scrolls of fear
 w - a scroll of silence {!r}
 x - a scroll of identify
 K - 3 scrolls of immolation
 N - 2 scrolls of blinking
 S - 3 scrolls of holy word
Potions
 b - 2 potions of berserk rage {unknown}
 d - 3 potions of flight
 g - 2 potions of ambrosia {unknown}
 i - 25 potions of curing
 n - 7 potions of agility
 u - 3 potions of magic
 B - 5 potions of resistance
 D - a potion of haste {unknown}
 G - 3 potions of mutation {unknown}
 I - 2 potions of might {unknown}
 J - 6 potions of lignification {!q}
 L - 5 potions of cancellation
 V - 4 potions of cure mutation {!q}
 W - a potion of brilliance
Miscellaneous
 e - a sack of spiders
 O - a phantom mirror
 R - a fan of gales
Comestibles
 c - 15 bread rations
 p - 20 fruits
 M - 3 beef jerkies


Message History

A small abomination comes into view.
Okay, then.
Evoke which item? (* to show all) (? for menu, Esc to quit)
Zapping:
m - a wand of teleportation (8/9)
Press: ? - help, Shift-Dir - straight line, f - you You feel strangely unstable.
You feel the power of the Abyss delaying your translocation!
This wand has 7 charges left.
The starspawn tentacle closely misses you.
A starspawn tentacle segment comes into view.
Unknown command.
Your skin crawls.
You feel resistant to hostile enchantments.
You feel somewhat more hungry.
The starcursed mass shrieks in your mind.
* * * LOW HITPOINT WARNING * * *
The starspawn tentacle misses you. You furiously retaliate!
You headbutt the starspawn tentacle.
The starcursed mass shrieks in your mind.
You die...

#.\ .#.. ### ##
.x..#####8## #8##
#.........###...######
.##........X..X...... .
#....#...ยค.####..#.....
..#....##Xw......... .##
#......@.#..ww..###..#!.
...#..##w-.##....##.. #.
## ..#..##.#...#X. #
...###..##.##. . ..#..
.## ... ..## ....#.
....# . .# .##.# .# ##.
# .. .# #. . .# . . . .
#. ..#


You could see a starcursed mass, a tentacled starspawn and 2 starspawn
tentacles.

Vanquished Creatures
  Jorgrun (Shoals:3)
  Asterion (Vaults:1)
  2 tentacled starspawn (Abyss:4)
  A kraken (Shoals:3)
  Polyphemus (Shoals:3)
  The ghost of appiemonkey the Warrior, an adept MiFi of Okawaru (Shoals:4)
  Gastronok (Lair:2)
  9 nagarajas
  Kirke (Shoals:4)
  Aizul (Snake:1)
  A vault warden (Vaults:1)
  2 cacodemons (Abyss:3)
  A draconian shifter (Abyss:4)
  2 ironheart preservers (Vaults:1)
  An ophan (Abyss:4)
  An entropy weaver (Vaults:1)
  2 stone giants
  2 deep elf annihilators (Vaults:1)
  3 dire elephants (Abyss:4)
  2 merfolk javelineers (Shoals:4)
  11 merfolk impalers
  2 fire dragons
  2 great orbs of eyes (Vaults:1)
  3 yaktaur captains
  8 vault guards
  Fannar (Lair:2)
  5 catoblepae
  11 naga warriors
  4 centaur warriors
  A merfolk avatar (Shoals:3)
  2 ogre magi
  2 satyrs (Shoals:3)
  A dancing weapon (Abyss:4)
  4 merfolk aquamancers
  The ghost of North the Geomancer, a journeyman GrEE of Vehumet (D:11)
  A tengu warrior (D:14)
  11 anacondas
  16 death yaks
  12 naga sharpshooters
  10 shock serpents
  7 orc high priests
  3 large abominations
  3 thrashing horrors (Abyss:4)
  2 wretched stars
  A storm dragon zombie (Abyss:3)
  The ghost of Exporg the Basher, a novice MiFi (D:8)
  A sixfirhy (Abyss:3)
  A shadow wraith (Abyss:4)
  2 deep elf knights
  A fire crab (shapeshifter) (Vaults:1)
  6 skeletal warriors
  A hell knight (Abyss:4)
  3 salamander mystics
  A spatial maelstrom (Abyss:4)
  A glowing orange brain (Vaults:1)
  3 unseen horrors
  11 sea snakes
  12 starcursed masses
  9 naga ritualists
  4 deep elf archers
  3 wizards
  2 gelid demonspawn (Orc:2)
  10 hill giants
  5 orc knights
  22 harpies
  6 ironbrand convokers
  The ghost of graki42 the Thaumaturge, a novice DEFE (D:6)
  16 mana vipers
  2 worldbinders (Abyss:4)
  7 deep elf magi
  16 manticores
  28 fauns
  4 orc sorcerers
  12 salamanders
  13 cyclopes
  12 ugly things
  6 elephants (Lair:4)
  A vault sentinel (Vaults:1)
  7 sirens
  4 guardian serpents
  A rust devil (Orc:2)
  4 smoke demons (Abyss:4)
  45 black mambas
  A black mamba (shapeshifter) (Vaults:1)
  4 water nymphs
  26 naga magi
  2 gargoyles
  An apocalypse crab (Abyss:4)
  A dire elephant skeleton (Abyss:3)
  A torpor snail (Lair:5)
  3 orange demons
  13 spiny frogs
  A hellion (Abyss:4)
  A rime drake (Lair:6)
  A freezing wraith (Vaults:1)
  12 yaktaurs
  An ice devil (Orc:2)
  A komodo dragon (shapeshifter) (Vaults:1)
  8 komodo dragons
  23 merfolk
  3 tengu conjurers
  4 ancient zymes
  A catoblepas skeleton (Abyss:3)
  3 wind drakes
  6 two-headed ogres
  A meliai (D:15)
  A hornet (Vaults:1)
  11 trolls
  Prince Ribbit (Lair:3)
  16 slime creatures
  8 hippogriffs
  12 dream sheep
  10 blink frogs
  A raiju (Abyss:4)
  2 snapping turtles
  A spriggan (D:7)
  Sigmund (D:2)
  A redback (Vaults:1)
  8 water elementals
  A shadow (Abyss:4)
  A wyvern (D:15)
  A spriggan (shapeshifter) (Vaults:2)
  39 yaks
  2 ynoxinuls
  10 wraiths
  Eustachio (D:5)
  4 hogs (Shoals:4)
  5 chaos spawn
  A basilisk (Lair:3)
  7 vampire mosquitoes
  3 hungry ghosts
  A neqoxec (Abyss:3)
  3 wargs
  39 nagas
  5 water moccasins
  A soldier ant (D:13)
  12 porcupines
  4 ice beasts
  3 sky beasts
  A black bear (D:13)
  28 orc warriors
  2 phantoms
  10 boggarts
  A sky beast (shapeshifter) (Abyss:4)
  20 ogres
  A necrophage (D:8)
  2 eyes of draining
  3 wolves (Lair:1)
  5 small abominations
  13 centaurs
  11 crocodiles
  3 big kobolds
  An earth elemental (Abyss:3)
  An elf zombie (Ossuary)
  16 bullfrogs
  A wyvern zombie (D:14)
  The ghost of Exporg the Skirmisher, a weakling MiFi (D:3)
  3 scorpions
  7 killer bees
  3 howler monkeys
  An electric eel (D:15)
  4 wights (D:11)
  6 crimson imps
  4 centaur zombies
  2 human zombies
  5 centaur skeletons
  5 hounds
  A bullfrog skeleton (D:13)
  13 orc priests
  Crazy Yiuf (D:5)
  4 jellies
  22 orc wizards
  5 iguanas
  Ijyb (D:2)
  Terence (D:2)
  7 worker ants
  A killer bee zombie (D:8)
  A big kobold zombie (Ossuary)
  3 hound skeletons
  Robin (D:3)
  5 mummies
  4 worker ant zombies
  A howler monkey skeleton (D:11)
  13 adders
  A gnoll (D:8)
  2 shadow imps
  An ooze (D:2)
  An adder zombie (D:6)
  An adder skeleton (D:9)
  A worm (D:6)
  6 dart slugs
  5 leopard geckos
  75 orcs
  A ball python (D:4)
  11 bats
  5 giant cockroaches
  10 goblins
  13 hobgoblins
  20 jackals
  22 kobolds
  4 quokkas
  8 frilled lizards
  A goblin zombie (Ossuary)
  2 hobgoblin zombies (Ossuary)
  3 jackal zombies (Ossuary)
  A kobold zombie (Ossuary)
  2 leopard gecko zombies
  A quokka skeleton (D:7)
  16 rats
  2 rat zombies (Ossuary)
  3 fungi
  12 plants
  3 starspawn tentacles (Abyss:4)
  2 tentacles (Shoals:3)
1257 creatures vanquished.

Vanquished Creatures (collateral kills)
  Ilsuiw (Shoals:4)
  2 dire elephants
  3 merfolk javelineers (Shoals:4)
  Josephine (D:15)
  3 hydras
  An orc high priest (Orc:2)
  Sonja (Lair:1)
  A sea snake (Shoals:4)
  4 starcursed masses (Abyss:4)
  A large abomination (Abyss:4)
  A manticore (D:15)
  An orc sorcerer (Orc:2)
  A faun (Shoals:4)
  A salamander (D:15)
  4 merfolk (Shoals:4)
  A ynoxinul (Abyss:4)
  5 orc warriors (Orc:2)
  2 orc priests (Orc:2)
34 creatures vanquished.

Vanquished Creatures (others)
  A black mamba (Snake:1)
  A boggart (Vaults:1)
  A jackal zombie (D:7)
  12 fungi
  45 plants
  6 starspawn tentacles (Abyss:4)
  10 tentacles (Shoals:3)
76 creatures vanquished.

Grand Total: 1367 creatures vanquished

Notes
Turn   | Place    | Note
-------+----------+-------------------------------------------
     0 | D:1      | patrickswayze the Minotaur Berserker began the quest for the Orb.
     0 | D:1      | Reached XP level 1. HP: 19/19 MP: 0/0
    73 | D:1      | Reached skill level 4 in Axes
   105 | D:1      | Reached XP level 2. HP: 25/26 MP: 1/1
   518 | D:1      | Reached skill level 5 in Axes
   520 | D:1      | Reached XP level 3. HP: 30/31 MP: 2/2
   529 | D:1      | Reached ** piety under Trog
  1093 | D:2      | Noticed Terence
  1107 | D:2      | Reached XP level 4. HP: 24/39 MP: 3/3
  1124 | D:2      | Killed Terence
  1124 | D:2      | Reached skill level 6 in Axes
  1435 | D:2      | Noticed Ijyb
  1445 | D:2      | Killed Ijyb
  1466 | D:2      | Reached XP level 5. HP: 45/45 MP: 4/4
  1538 | D:2      | Reached skill level 7 in Axes
  1548 | D:2      | Noticed Sigmund
  1554 | D:2      | Killed Sigmund
  1554 | D:2      | Reached skill level 8 in Axes
  1554 | D:2      | Reached XP level 6. HP: 51/51 MP: 5/5
  1771 | D:3      | Noticed Robin
  1794 | D:3      | Killed Robin
  1825 | D:3      | Noticed Exporg's ghost (weakling MiFi)
  1837 | D:3      | Killed Exporg's ghost
  1925 | D:3      | Reached *** piety under Trog
  1925 | D:3      | Reached skill level 9 in Axes
  2552 | D:4      | Reached XP level 7. HP: 44/57 MP: 6/6
  3073 | D:5      | Entered Level 5 of the Dungeon
  3208 | D:5      | Noticed Eustachio
  3228 | D:5      | Killed Eustachio
  3228 | D:5      | Reached skill level 10 in Axes
  3362 | D:5      | Reached skill level 11 in Axes
  3443 | D:5      | Reached **** piety under Trog
  3503 | D:5      | Reached XP level 8. HP: 60/64 MP: 7/7
  3663 | D:5      | Found a runed door.
  3716 | D:5      | Found an iron altar of Okawaru.
  3902 | D:5      | Found a staircase to the Ecumenical Temple.
  4046 | D:5      | Noticed Crazy Yiuf
  4052 | D:5      | Killed Crazy Yiuf
  4093 | D:6      | Reached skill level 12 in Axes
  4253 | D:6      | Noticed graki42's ghost (novice DEFE)
  4277 | D:6      | Killed graki42's ghost
  4277 | D:6      | Reached skill level 13 in Axes
  4352 | D:6      | Reached skill level 3 in Armour
  4686 | D:6      | Found a blossoming altar of Fedhas.
  4908 | D:7      | Found a sand-covered staircase.
  4912 | D:7      | Found Jeluisopna's Weapon Emporium.
  4971 | D:7      | Reached XP level 9. HP: 70/70 MP: 8/8
  4981 | Ossuary  | Entered an ossuary
  5008 | Ossuary  | Reached ***** piety under Trog
  5174 | D:7      | Reached skill level 6 in Armour
  5796 | D:7      | Received a gift from Trog
  5872 | D:8      | Reached skill level 3 in Dodging
  6044 | D:8      | You fall through a shaft for 2 floors!
  6044 | D:10     | Entered Level 10 of the Dungeon
  6429 | D:9      | Reached skill level 6 in Dodging
  6720 | D:9      | Reached XP level 10. HP: 64/77 MP: 9/9
  6873 | D:9      | Found a staircase to the Lair.
  7330 | D:9      | Found a sacrificial altar of Ru.
  7342 | D:9      | Found an iron altar of Okawaru.
  7470 | D:10     | Reached skill level 14 in Axes
  7559 | D:8      | Noticed Exporg's ghost (novice MiFi)
  7573 | D:8      | Killed Exporg's ghost
  7643 | D:8      | Received a gift from Trog
  8393 | D:8      | Reached skill level 15 in Axes
  8427 | Lair:1   | Entered Level 1 of the Lair of Beasts
  8458 | Lair:1   | Got a bloodstained ring mail
  8516 | Lair:1   | Noticed a spiny frog
  8522 | Lair:1   | Killed a spiny frog
  8545 | Lair:1   | Noticed Sonja
  8567 | Lair:1   | Killed Sonja
  8635 | Lair:1   | Identified the +4 ring mail "Deefegoa" {*Contam rN+ Dex+2 SInv} (You found it on level 1 of the Lair of Beasts)
  8730 | Lair:1   | Reached skill level 16 in Axes
  8730 | Lair:1   | Reached XP level 11. HP: 82/82 MP: 3/10
  9180 | Lair:2   | Noticed Gastronok
  9190 | Lair:2   | Killed Gastronok
  9239 | Lair:2   | Reached skill level 17 in Axes
  9488 | Lair:2   | Noticed Fannar
  9498 | Lair:2   | Killed Fannar
  9584 | Lair:2   | Reached skill level 18 in Axes
  9630 | Lair:2   | Noticed a seven-headed hydra
  9835 | Lair:3   | Noticed Prince Ribbit
  9849 | Lair:3   | Killed Prince Ribbit
  9934 | Lair:3   | Found a staircase to the Shoals.
 10128 | Lair:3   | Reached XP level 12. HP: 82/90 MP: 3/11
 10460 | Lair:3   | Reached skill level 19 in Axes
 10768 | Lair:4   | Noticed a seven-headed hydra
 10804 | Lair:3   | HP: 13/90 [seven-headed hydra (6)]
 10880 | Lair:4   | Reached skill level 9 in Dodging
 11430 | Lair:4   | Reached skill level 6 in Fighting
 11468 | Lair:4   | Found a staircase to the Snake Pit.
 11850 | Lair:5   | Found a staircase to the Slime Pits.
 11867 | Lair:5   | Found a viscous altar of Jiyva.
 11934 | Lair:5   | Reached skill level 9 in Fighting
 12067 | Lair:5   | Noticed a seven-headed hydra
 12082 | Lair:5   | Killed a seven-headed hydra
 12271 | Lair:5   | You fall through a shaft!
 12271 | Lair:6   | Entered Level 6 of the Lair of Beasts
 12271 | Lair:6   | Noticed a five-headed hydra
 12418 | Lair:6   | Reached skill level 9 in Armour
 12504 | Lair:6   | Noticed a death yak
 12504 | Lair:6   | Noticed a death yak
 12505 | Lair:6   | Noticed a death yak
 12505 | Lair:6   | Noticed a death yak
 12506 | Lair:6   | Noticed a death yak
 12520 | Lair:6   | Killed a death yak
 12533 | Lair:6   | Killed a death yak
 12533 | Lair:6   | Reached XP level 13. HP: 90/113 MP: 4/12
 12613 | Lair:6   | Received a gift from Trog
 12914 | Lair:6   | Reached skill level 12 in Armour
 13466 | D:10     | Found Acerriocw's Antique Weapon Shoppe.
 14178 | D:11     | Noticed North's ghost (journeyman GrEE)
 14190 | D:11     | Killed North's ghost
 14312 | D:11     | Found a staircase to the Orcish Mines.
 14682 | Orc:1    | Entered Level 1 of the Orcish Mines
 14765 | Orc:1    | HP: 28/169 [orc high priest/divine providence (14)]
 14766 | Orc:1    | Reached skill level 20 in Axes
 15162 | Orc:2    | Entered Level 2 of the Orcish Mines
 15168 | Orc:2    | Reached XP level 14. HP: 112/121 MP: 13/13
 15290 | Orc:2    | Found Nienkosch's Food Boutique.
 15293 | Orc:2    | Found Titila's Distillery.
 15327 | Orc:2    | Received a gift from Trog
 15553 | Orc:2    | Found a staircase to the Elven Halls.
 15711 | Orc:2    | Found Unogy's Food Shop.
 15944 | Orc:2    | Reached skill level 21 in Axes
 16024 | Orc:2    | Found Kuwn's Antique Weapon Shoppe.
 16024 | Orc:2    | Found a one-way gate leading to the halls of Pandemonium.
 16024 | Orc:2    | Found Kaca's Gadget Emporium.
 16037 | Orc:2    | Bought an iridescent broad axe for 234 gold pieces
 16037 | Orc:2    | Identified the +7 broad axe of Tartarus {freeze, rElec rPois MR++ Dex-4} (You bought it in a shop on level 2 of the Orcish Mines)
 16071 | Orc:2    | Bought a potion of beneficial mutation for 455 gold pieces
 16071 | Orc:2    | Bought a potion of curing for 39 gold pieces
 16071 | Orc:2    | Bought a potion of heal wounds for 65 gold pieces
 16071 | Orc:2    | Bought a potion of heal wounds for 65 gold pieces
 16071 | Orc:2    | Bought a potion of resistance for 130 gold pieces
 16071 | Orc:2    | Bought a potion of heal wounds for 65 gold pieces
 16071 | Orc:2    | Bought a potion of curing for 39 gold pieces
 16071 | Orc:2    | Bought a potion of heal wounds for 65 gold pieces
 16071 | Orc:2    | Bought a potion of curing for 39 gold pieces
 16073 | Orc:2    | Bought 2 potions of curing for 78 gold pieces
 16118 | Orc:2    | Gained mutation: You are partially covered in icy blue scales. (AC +2) [potion of beneficial mutation]
 17082 | D:12     | Received a gift from Trog
 17430 | D:13     | Reached skill level 22 in Axes
 17542 | D:13     | Found a gate to the Vaults.
 18008 | D:13     | Reached XP level 15. HP: 126/126 MP: 14/14
 18101 | D:13     | Found a sparkling altar of Nemelex Xobeh.
 18211 | D:14     | Received a gift from Trog
 18414 | D:14     | Reached skill level 23 in Axes
 18777 | D:15     | Entered Level 15 of the Dungeon
 18805 | D:15     | Noticed Josephine
 18808 | D:15     | Killed Josephine
 18951 | D:15     | Found a staircase to the Depths.
 18959 | D:15     | HP: 21/126 [salamander/halberd of chopping (14)]
 19236 | D:15     | Received a gift from Trog
 19790 | D:15     | Reached skill level 24 in Axes
 19908 | D:15     | Found a sacrificial altar of Ru.
 20233 | Snake:1  | Entered Level 1 of the Snake Pit
 20367 | Snake:1  | Noticed Aizul
 20390 | Snake:1  | Killed Aizul
 20576 | Snake:1  | Got a jasper-encrusted chain mail
 20577 | Snake:1  | Identified the +5 chain mail of the End {rC+} (You acquired it on level 1 of the Snake Pit)
 21070 | Snake:2  | Reached ****** piety under Trog
 21172 | Snake:2  | Reached skill level 25 in Axes
 21180 | Snake:2  | Reached XP level 16. HP: 134/134 MP: 10/15
 21236 | Snake:2  | Found Lafe's Assorted Antiques.
 21254 | Snake:2  | Bought a potion of heal wounds for 175 gold pieces
 21381 | Snake:2  | Found Zuedyago's Food Emporium.
 21385 | Snake:2  | Found Paotalif's Distillery.
 21393 | Snake:2  | Bought a potion of beneficial mutation for 665 gold pieces
 21393 | Snake:2  | Gained mutation: You can translocate small distances at will. [potion of beneficial mutation]
 21443 | Snake:2  | Found Dirr's Antique Armour Shoppe.
 21789 | Snake:2  | Found Ohuaf's Book Shop.
 22012 | Snake:3  | Received a gift from Trog
 22015 | Snake:3  | Reached skill level 26 in Axes
 22020 | Snake:3  | Found Morucoe's Weapon Shop.
 22946 | Snake:4  | Entered Level 4 of the Snake Pit
 23095 | Snake:4  | Reached skill level 27 in Axes
 23689 | Snake:4  | Received a gift from Trog
 23707 | Snake:4  | Reached XP level 17. HP: 140/140 MP: 16/16
 24015 | Snake:3  | HP: 28/140 [poisoned by a naga ritualist (toxic radiance)]
 24020 | Snake:3  | HP: 28/140 [poisoned by a naga ritualist (toxic radiance)]
 24395 | Snake:4  | Reached skill level 15 in Armour
 24880 | Snake:4  | Received a gift from Trog
 24900 | Snake:4  | HP: 28/140 [poisoned by a naga mage (poison arrow)]
 24905 | Snake:4  | HP: 24/140 [poisoned by a naga mage (bolt of poison)]
 24910 | Snake:4  | HP: 18/140 [poisoned by a naga mage (bolt of poison)]
 24915 | Snake:4  | HP: 14/140 [poisoned by a naga mage (bolt of poison)]
 24921 | Snake:4  | HP: 13/140 [poisoned by a naga mage (bolt of poison)]
 24926 | Snake:4  | HP: 12/140 [poisoned by a naga mage (bolt of poison)]
 24931 | Snake:4  | HP: 14/140 [poisoned by a naga mage (bolt of poison)]
 24937 | Snake:4  | HP: 16/140 [poisoned by a naga mage (bolt of poison)]
 24944 | Snake:4  | HP: 20/140 [poisoned by a naga mage (bolt of poison)]
 25473 | Snake:4  | Got a serpentine rune of Zot
 25654 | Shoals:1 | Entered Level 1 of the Shoals
 26779 | Shoals:3 | Noticed Jorgrun
 26796 | Shoals:3 | Reached skill level 12 in Fighting
 26806 | Shoals:3 | Received a gift from Trog
 26836 | Shoals:3 | HP: 20/147 [Jorgrun/Shatter (107)]
 26839 | Shoals:3 | HP: 8/147 [Jorgrun/quarterstaff of crushing (3)]
 27054 | Shoals:3 | Killed Jorgrun
 27436 | Shoals:3 | Noticed a kraken
 27450 | Shoals:3 | Reached XP level 18. HP: 159/159 MP: 17/17
 27503 | Shoals:3 | Noticed Polyphemus
 27523 | Shoals:3 | Killed Polyphemus
 27692 | Shoals:3 | Received a gift from Trog
 27782 | Shoals:3 | Reached skill level 15 in Fighting
 28061 | Shoals:4 | Entered Level 4 of the Shoals
 28143 | Shoals:4 | Noticed Kirke
 28170 | Shoals:4 | HP: 22/163 [sea snake (10)]
 28650 | Shoals:4 | Noticed Ilsuiw
 28676 | Shoals:4 | Killed Ilsuiw
 28682 | Shoals:4 | Found a deep blue altar of Sif Muna.
 28739 | Shoals:4 | Received a gift from Trog
 28757 | Shoals:4 | Killed Kirke
 28957 | Shoals:4 | Noticed appiemonkey's ghost (adept MiFi)
 28981 | Shoals:4 | Killed appiemonkey's ghost
 29144 | Shoals:4 | Got a barnacled rune of Zot
 29654 | Vaults:1 | Entered Level 1 of the Vaults
 29748 | Vaults:1 | Noticed Asterion
 29759 | Vaults:1 | Killed Asterion
 29834 | Vaults:1 | Found a portal to a secret trove of treasure.
 29903 | Vaults:1 | Reached XP level 19. HP: 177/177 MP: 18/18
 29906 | Vaults:1 | Reached skill level 18 in Armour
 29909 | Vaults:1 | Received a gift from Trog
 30556 | Vaults:1 | Found Bionwen's Gadget Boutique.
 31292 | Vaults:2 | Cast into level 2 of the Abyss (a wizard)
 31353 | Abyss:3  | Found a corrupted altar of Lugonu.
 31565 | Abyss:3  | Gained mutation: Your spells are a little easier to cast, but a little less powerful. [a cacodemon]
 31599 | Abyss:3  | Received a gift from Trog
 31623 | Abyss:3  | Found a corrupted altar of Lugonu.
 31718 | Abyss:4  | Noticed a hellephant
 31829 | Abyss:4  | Noticed a hellephant
 31850 | Abyss:4  | HP: 28/177 [dire elephant (10)]
 31858 | Abyss:4  | HP: 6/177 [dire elephant (21)]
 31886 | Abyss:4  | Paralysed by accursed screaming for 1 turns
 31939 | Abyss:4  | Reached skill level 21 in Armour
 31953 | Abyss:4  | HP: 26/177 [wretched star/orb of energy (37)]
 31958 | Abyss:4  | HP: 31/177 [starcursed mass/accursed screaming (4)]
 31967 | Abyss:4  | HP: 35/177 [smoke demon/ball of steam (3)]
 31973 | Abyss:4  | HP: 31/177 [starcursed mass/accursed screaming (7)]
 31978 | Abyss:4  | HP: 4/177 [starcursed mass/accursed screaming (5)]
 31993 | Abyss:4  | HP: 17/176 [starcursed mass/accursed screaming (9)]
 32012 | Abyss:4  | HP: 24/176 [starcursed mass/accursed screaming (8)]
 32021 | Abyss:4  | HP: 27/176 [starcursed mass/accursed screaming (5)]
 32026 | Abyss:4  | HP: 27/176 [starcursed mass/accursed screaming (4)]
 32031 | Abyss:4  | HP: 28/176 [long sword of holy wrath (2)]
 32036 | Abyss:4  | HP: 23/176 [starcursed mass/accursed screaming (5)]
 32042 | Abyss:4  | HP: 16/176 [starcursed mass/accursed screaming (8)]
 32048 | Abyss:4  | HP: 24/177 [starcursed mass/accursed screaming (4)]
 32052 | Abyss:4  | HP: 10/177 [starcursed mass/accursed screaming (6)]
 32056 | Abyss:4  | HP: 3/177 [starcursed mass/accursed screaming (8)]
 32057 | Abyss:4  | Killed from afar by a starcursed mass

Vault maps used:
D:1:      minmay_arrival_four_houses, minmay_close_crescents
D:2:      cheibrodos_helix_gallery, first_bread, uniq_sigmund, uniq_iyjb,
          uniq_terence
D:3:      lemuel_upstairs_altar, uniq_robin
D:4:      serial_bayou, serial_bayou_pond_b, serial_bayou_lake_a,
          serial_bayou_shore_a, serial_bayou_pond_c, guppyfry_early_lair_pool
D:5:      lemuel_temple_firewalk_b, okawaru_metal_pillars_1_2, uniq_eustachio,
          uniq_crazy_yiuf_cottage
D:6:      fedhas_altar_2
D:7:      serial_shops, shop, gup_ossuary_entry_pyramid, the_bakery
D:9:      amethyst_overflow_temple_binary, due_lair_maze_entry_diamond
D:10:     serial_shops, kennysheep_little_box, hex_medium
D:11:     orc_0_dummy, corexii_hall_statues_s, minivault_11
D:12:     kennysheep_decorative_pillar
D:13:     david_vaults_5, grunt_ministairs_5, nemelex_diamond_rough_becter
D:15:     hangedman_depths_entry_try_elsewhere_first, nicolae_ru_path_of_blood,
          uniq_josephine
Lair:1:   uniq_sonja
Lair:2:   grunt_megastairs_2, serial_bayou_shore_b, uniq_fannar, uniq_gastronok
Lair:3:   minmay_shoals_entry_beasts, columned_hall_lemuel,
          serial_bayou_lagoon_a, uniq_prince_ribbit2
Lair:4:   dummy_snake_entry, lemuel_fruit_tree, bh_autumn_forest_stairs,
          serial_bayou_shore_b
Lair:5:   slime_altar_1
Lair:6:   evilmike_catoblepas_cave, st_stairs_12, hibernation_bobbens
Shoals:1: nicolae_shoals_dead_sea_scrolls
Shoals:2: yaktaur_hedge
Shoals:3: cheibrodos_shoals_roost, uniq_polyphemus, uniq_jorgrun
Shoals:4: shoals_end_grunt_garden, shoal_ilsuiw, lemuel_altar_in_water2,
          uniq_kirke
Snake:1:  grunt_ministairs_14, nrook_guardian_serpent_ordinary, uniq_aizul
Snake:2:  cheibrodos_forgotten_conduit, serial_shops, nicolae_shop_crystal,
          shop, shop, shop, shop
Snake:3:  nrook_guardian_serpent_snake_passage, serial_shops, shop_fountains
Snake:4:  snake_pit, serial_bayou_pond_b, eino_curves_01
Orc:1:    basic_altar
Orc:2:    pf_orc_diabolical, serial_shops, nicolae_shop_stone
Vaults:1: v_misc_13, vaults_room_stairs_pillars, v_misc_3,
          nicolae_vaults_mini_display_case, hangedman_vaults_stagger,
          ontoclasm_vaults_gateway, st_check, vaults_mumra_chevron,
          vaults_room_grid, v_misc_18, vaults_dpeg_ring,
          vaults_standard_mumra_lines, v_misc_2, enter_trove_5, serial_shops,
          nicolae_shop_trees, uniq_asterion
Vaults:2: ontoclasm_vaults_misaligned, v_misc_9, ontoclasm_vaults_ligature,
          vaults_mumra_chevron_long, nicolae_vaults_diagonal_hallway_9,
          vaults_room_corners, v_misc_13, v_pattern_4, vaults_dpeg_encased_lava,
          vaults_room_pool, serial_shops, shop
Abyss:2:  evilmike_abyss_exit_4
Abyss:3:  abyss_furniture_001, hangedman_abyss_rune_flesh_and_stone
Abyss:4:  eino_small_chamber_without_monster,
          grunt_abyss_rune_forest_and_sorcery
Ossuary:  ossuary_minmay_tomb_2a

Action                   |  1- 3 |  4- 6 |  7- 9 | 10-12 | 13-15 | 16-18 | 19-21 || total
-------------------------+-------+-------+-------+-------+-------+-------+-------++-------
Melee: Hand axe          |    81 |   156 |   351 |    28 |       |       |       ||   616
       Headbutt          |     7 |    21 |    78 |   129 |   270 |   338 |   113 ||   956
       War axe           |       |       |       |    88 |       |       |       ||    88
       Battleaxe         |       |       |       |   335 |   129 |       |       ||   464
       Executioner's axe |       |       |       |       |   822 |  1191 |   406 ||  2419
Invok: Berserk           |       |     3 |     6 |    12 |    15 |    13 |     1 ||    50
       Brothers in Arms  |       |       |       |     5 |     4 |     2 |     1 ||    12
       Trog's Hand       |       |       |       |       |     1 |     3 |     2 ||     6
       Burn Spellbooks   |       |       |       |       |     1 |     1 |       ||     2
 Abil: Blink             |       |       |       |       |       |     3 |     3 ||     6
Evoke: Wand              |       |       |       |     1 |     2 |     1 |     1 ||     5
  Use: Scroll            |       |     2 |    11 |    18 |    16 |    18 |     3 ||    68
       Potion            |       |       |       |       |     3 |    15 |    10 ||    28
 Stab: Sleeping          |       |       |       |       |     1 |       |       ||     1
       Distracted        |       |       |       |       |     2 |     1 |       ||     3
       Invisible         |       |       |       |       |       |     3 |       ||     3
  Eat: Chunk             |       |     9 |    13 |    20 |    14 |     8 |     4 ||    68
       Beef jerky        |       |       |     1 |     3 |     1 |     2 |       ||     7
       Bread ration      |       |       |     1 |       |     3 |     2 |       ||     6
       Fruit             |       |       |       |     9 |     7 |       |       ||    16
       Royal jelly       |       |       |       |     1 |       |       |       ||     1
       Meat ration       |       |       |       |       |     3 |     4 |     1 ||     8
       Pizza             |       |       |       |       |       |     2 |     2 ||     4
Armor: Animal skin       |    21 |     1 |       |       |       |       |       ||    22
       Scale mail        |       |    59 |    95 |    49 |       |       |       ||   203
       Ring mail         |       |       |       |    75 |   231 |       |       ||   306
       Fire dragon scale |       |       |       |       |    65 |   618 |   153 ||   836
Dodge: Dodged            |    55 |    63 |   148 |   265 |   719 |  1005 |   394 ||  2649
